Build Orders - Match 35347445 - cohdb - Company of Heroes 3 Replays
cohdb
Replays
Latest Replays
All Replays
Popular Replays
Top Player Replays
Match Explorer
How It Works
Community
CoH3 Stats
Reddit
Sign in to upload your games and track your stats! →
Sign in with Steam
Match 35347445
Unlisted
Match 35347445
Overview
Messages
Build Orders
End
Scout Squad
Construct Weapon Support Center
Selects Airborne Battlegroup
Selects Pathfinders
Construct Weapon Support Center
M1919 Machine Gun Team
M1919 Machine Gun Team
Infantry Support Center
Engineer Squad
Selects Paratrooper Squad Paradrop
Paratrooper Squad Paradrop
Selects Recon Loiter
M3 Armored Personnel Carrier
Advanced Logistics
Selects Supply Drop
Recon Loiter
Selects Anti-tank Gun Team Paradrop
Anti-tank Gun Team Paradrop
Construct Tank Depot
M4A1 Sherman Medium Tank
Supply Drop
BloodSpark
Arty_Q
Cons01
BOoBoO
Kanio77
Czerwony
0
0
Comments
sign in to comment!
No comments posted yet!